Map: 얼어붙은 사원

Players

gyulgyul

  • Race: Zerg Zerg
  • League: Grandmaster

llllllllllll (Scarlett) - Winner!

  • Race: Zerg Zerg
  • League: Grandmaster

VOD

Have the link to the VOD?

Description

Time

  • Played on: April 10, 2016, 4:11 a.m.
  • Length: 9:45
Show
View Real Time Build Order
Export as new Build Order

gyulgyul Zerg 

Build Orders: Pool First 

Get SALT Encoding   

  12  0:01  Drone  
  13  0:12  Overlord  
  13  0:17  Drone  
  14  0:30  Drone x2  
  14  0:34  Drone  
  17  0:45  Extractor, Spawning Pool  
  17  0:49  Drone  
  16  0:56  Drone  
  17  1:07  Drone  
  18  1:18  Hatchery  
  18  1:21  Drone  
  18  1:34  Queen  
  18  1:36  Zergling x2  
  21  1:43  Overlord  
  21  1:49  Metabolic Boost  
  21  1:54  Drone  
  22  2:04  Baneling Nest  
  22  2:06  Drone  
  22  2:13  Queen  
  24  2:18  Zergling x2  
  25  2:23  Zergling x2  
  26  2:31  Zergling x2  
  27  2:39  Zergling x2  
  27  2:42  Zergling x4  
  27  2:43  Zergling x4  
  32  2:49  Baneling x2  
  32  2:51  Zergling x2  
  32  2:55  Zergling x2  
  34  3:00  Overlord  
  34  3:03  Drone  
  35  3:06  Baneling x2  
  35  3:08  Drone  
  36  3:13  Baneling  
  35  3:22  Drone x2  
  33  3:39  Drone x3  
  35  3:44  Zergling x2  
  35  3:48  Zergling x2  
  36  3:49  Drone x3  
  36  3:52  Roach Warren  
  39  3:55  Zergling x6  
  39  3:59  Zergling x2  
  39  4:00  Zergling x2  
  42  4:03  Zergling x2  
  42  4:05  Baneling x2  
  42  4:09  Overlord  
  43  4:13  Drone  
  43  4:16  Overlord  
  44  4:20  Extractor  
  44  4:22  Drone  
  44  4:28  Overlord  
  44  4:35  Overlord  
  44  4:37  Drone x4  
  48  4:50  Roach x4  
  56  4:54  Roach  
  56  4:56  Roach  
  60  5:05  Roach  
  60  5:08  Roach x3  
  60  5:10  Roach  
  67  5:20  Overlord  
  67  5:21  Roach x2  
  71  5:23  Roach  
  73  5:31  Overlord  
  73  5:32  Zergling x4  
  75  5:35  Overlord  
  75  5:40  Zergling x2  
  76  5:43  Zergling x2  
  76  5:44  Zergling x2  
  76  5:46  Zergling x4  
  77  5:56  Zergling x4  
  79  5:58  Zergling x2  
  79  5:59  Zergling x4  
  79  6:02  Baneling x2  
  79  6:03  Baneling x7  
  82  6:09  Zergling x4  
  82  6:10  Baneling x3  
  84  6:16  Zergling x2  
  84  6:17  Zergling x2  
  63  6:40  Zergling x14  
  63  6:45  Zergling x4  
  71  6:48  Baneling x8  
  71  6:52  Baneling x2  
  71  6:54  Zergling x4  
  71  6:58  Zergling x4  
  75  7:02  Ravager  
  56  7:25  Zergling x10  
  56  7:26  Zergling x4  
  56  7:32  Roach x3  
  56  7:34  Roach  
  57  7:42  Roach  
  54  7:45  Roach  
  54  7:48  Baneling x3  
  56  7:51  Hatchery  
  56  7:54  Drone  
  56  8:00  Roach  
  56  8:02  Roach  
  60  8:06  Roach  
  60  8:11  Zergling x12  
  68  8:14  Overlord  
  68  8:19  Baneling x7  
  67  8:20  Zergling x2  
  67  8:25  Extractor  
  68  8:27  Zergling x2  
  68  8:30  Baneling x2  
  68  8:39  Zergling x4  
  70  8:46  Zergling x2, Roach  
  70  8:47  Zergling x10  
  70  8:52  Roach  
  70  8:57  Zergling x2  
  70  9:01  Roach  
  65  9:06  Roach  
  65  9:08  Queen  
  59  9:15  Roach  
  50  9:18  Roach  
  50  9:22  Roach x2  
  50  9:23  Roach x2  
Show
View Real Time Build Order
Export as new Build Order

llllllllllll Zerg - Winner!

Build Orders: Pool First 

Get SALT Encoding   

  12  0:05  Drone  
  13  0:09  Drone  
  14  0:20  Overlord  
  14  0:24  Drone, Extractor  
  15  0:39  Drone x2  
  17  0:44  Extractor  
  17  0:48  Drone  
  17  0:50  Spawning Pool  
  16  1:01  Drone  
  17  1:10  Drone  
  18  1:20  Hatchery  
  18  1:24  Drone  
  18  1:31  Drone  
  19  1:37  Queen  
  21  1:44  Metabolic Boost  
  21  1:48  Zergling x2  
  22  1:55  Evolution Chamber  
  22  1:56  Drone  
  22  2:03  Overlord  
  22  2:21  Queen  
  24  2:29  Zerg Melee Weapons Level 1  
  24  2:31  Drone x2  
  24  2:36  Queen  
  28  2:39  Drone  
  29  2:55  Overlord  
  29  2:56  Zergling x6  
  32  3:01  Spine Crawler  
  31  3:08  Zergling x4  
  33  3:22  Zergling x8  
  31  3:36  Zergling x12  
  31  3:39  Zergling x4  
  34  3:45  Drone  
  35  3:49  Queen  
  37  3:56  Drone x2  
  37  3:59  Drone  
  40  4:07  Queen  
  42  4:11  Drone  
  43  4:23  Zerg Ground Armor Level 1  
  43  4:30  Baneling Nest  
  41  4:34  Overlord  
  41  4:35  Drone x2  
  43  4:49  Overlord  
  43  4:54  Drone x4  
  43  4:58  Queen  
  49  5:00  Drone x2  
  50  5:10  Overlord  
  50  5:12  Drone  
  50  5:13  Drone x2  
  52  5:16  Overlord  
  52  5:20  Zergling x4  
  52  5:21  Zergling x2  
  55  5:25  Lair  
  55  5:31  Extractor  
  55  5:32  Zergling x10  
  59  5:36  Spine Crawler  
  58  5:43  Spine Crawler  
  58  5:46  Zergling x4  
  58  5:47  Baneling x4  
  58  5:56  Zergling x2  
  58  5:57  Zergling x6  
  61  6:00  Queen  
  61  6:03  Zergling x8  
  67  6:16  Overlord  
  67  6:20  Baneling  
  67  6:21  Baneling x3  
  56  6:35  Zergling x4  
  56  6:36  Zergling x10  
  54  6:42  Zergling x4  
  54  6:44  Baneling x2  
  54  6:46  Queen x2  
  60  6:49  Zergling x2  
  60  6:54  Spine Crawler x2  
  59  7:03  Roach Warren  
  57  7:11  Zergling x10  
  60  7:22  Zergling x2  
  48  7:24  Zergling x2  
  48  7:26  Queen x2  
  47  7:32  Zergling x2  
  47  7:36  Spine Crawler  
  43  7:41  Overseer  
  42  7:55  Drone x4, Spire  
  45  8:01  Queen  
  46  8:05  Spine Crawler  
  46  8:06  Zergling x6  
  48  8:16  Zergling x2  
  48  8:19  Baneling x2  
  49  8:20  Baneling  
  49  8:23  Zergling x4  
  51  8:29  Zergling x6  
  51  8:31  Zergling x2  
  55  8:39  Zergling x2  
  52  8:51  Drone  
  52  8:52  Drone x6  
  57  8:58  Zergling x2  
  51  9:06  Zergling x2  
  51  9:07  Zergling x2  
  53  9:13  Mutalisk  
  53  9:15  Mutalisk  
Tags
 
Add a new tag
Caveats
  • Supply blocks, unpowered buildings, or Contaminate may cause inaccurate times.
  • Supply counts are checked every 10 seconds.